 Dungeon Crawl Stone Soup version 0.20.1-1-g8b1a95d (webtiles) character file.

30 vatarom the Distorting Demonspawn (level 3, -4/29 HPs)
             Began as a Demonspawn Abyssal Knight on Sept 25, 2017.
             Was a Believer of Lugonu.
             Slain by a worm (11 damage)
             ... on level 1 of the Dungeon.
             The game lasted 00:01:47 (1189 turns).

vatarom the Distorting Demonspawn (DsAK)            Turns: 1189, Time: 00:01:48

Health: -4/29      AC:  3    Str: 13    XL:     3   Next: 5%
Magic:  5/5        EV: 11    Int: 13    God:    Lugonu [**....]
Gold:   110        SH:  0    Dex: 12    Spells: 2/2 levels left

rFire    . . .     SeeInvis +   a - +1 falchion
rCold    . . .     Gourm    .   (no shield)
rNeg     . . .     Faith    .   b - +0 leather armour
rPois    .         Spirit   .   (no helmet)
rElec    .         Reflect  .   (no cloak)
rCorr    .         Harm     .   (no gloves)
MR       .....                  (no boots)
Stlth    +.........             (no amulet)
Regen    0.1/turn               j - ring of see invisible
MPRegen  0.1/turn               (no ring)

@: no status effects
A: claws 2
a: Depart the Abyss, Bend Space, Renounce Religion


You were on level 1 of the Dungeon.
You worshipped Lugonu.
Lugonu was pleased with you.
You were not hungry.

You visited 1 branch of the dungeon, and saw 2 of its levels.
You visited the Abyss 1 time.

You collected 110 gold pieces.

Inventory:

Hand Weapons
 a - a +1 falchion (weapon)
Armour
 b - a +0 leather armour (worn)
Jewellery
 j - a ring of see invisible (left claw)
Scrolls
 e - a scroll of remove curse
Potions
 d - 2 potions of curing {unknown}
 i - a potion of flight {unknown}
Comestibles
 c - a bread ration
 f - 2 fruits
 g - 2 meat rations
 h - a royal jelly


   Skills:
 + Level 3.2 Fighting
 * Level 2.1 Long Blades
 - Level 1.7 Armour
 + Level 1.1 Dodging
 * Level 3.6 Invocations


You had 2 spell levels left.
You didn't know any spells.

Dungeon Overview and Level Annotations

Branches:
Dungeon (2/15)

Altars:


Innate Abilities, Weirdness & Mutations

You have very sharp fingernails.


Message History

You see here a leopard gecko skeleton.
You are too injured to fight recklessly!
You are too injured to fight recklessly!
You are too injured to fight recklessly!
You are too injured to fight recklessly!
You hit the leopard gecko.
The leopard gecko is moderately wounded.
The leopard gecko barely misses you.
You riposte.
You closely miss the leopard gecko.
The leopard gecko is moderately wounded.
The leopard gecko barely misses you.
You closely miss the leopard gecko.
The leopard gecko is moderately wounded.
The leopard gecko closely misses you.
You barely miss the leopard gecko.
The leopard gecko is moderately wounded.
The leopard gecko bites you.
* * * LOW HITPOINT WARNING * * *
The worm bites you!
You die...

.....#####.###..((..............#
.....................(.......####
#######....###.......#########
#.#....#.......#
#######....#.###.#####
......###....# #.#
.......#...#####.#####
.......#.............#
...............#@#.#)#
###.##.###.....#lw.#.#
###........#.#.รท>)..)#
..(#####.#.#.........# ....#
#.#.#.##......# ....#
#.....##......#
....####.#...........#
......#.....##.......#
.....##.###.##.......#


You could see a worm and a leopard gecko.

Vanquished Creatures
  A leopard gecko (D:1)
  4 goblins (D:1)
  6 hobgoblins (D:1)
  3 jackals (D:1)
  A ball python (D:1)
  3 bats
  2 frilled lizards (D:1)
  3 kobolds (D:1)
  3 rats (D:1)
26 creatures vanquished.

Notes
Turn   | Place    | Note
-------+----------+-------------------------------------------
     0 | Abyss:1  | vatarom the Demonspawn Abyssal Knight began the quest for the Orb.
     0 | Abyss:1  | Reached XP level 1. HP: 18/18 MP: 2/2
     8 | D:1      | Escaped the Abyss
    37 | D:1      | Reached skill level 1 in Dodging
   119 | D:1      | Gained mutation: You have sharp fingernails. [demonic ancestry]
   119 | D:1      | Reached XP level 2. HP: 9/24 MP: 4/4
   526 | D:1      | Reached ** piety under Lugonu
   913 | D:2      | Found a faded altar of an unknown god.
   943 | D:1      | Gained mutation: You have very sharp fingernails. [demonic ancestry]
   943 | D:1      | Reached XP level 3. HP: 9/29 MP: 5/5
  1189 | D:1      | Slain by a worm

Skill      XL: |  1  2 |
---------------+-------+-----
Dodging        | 1 |  1.1
Invocations    | 3 |  3.6
Long Blades    | 2 |  2.1
Fighting       | |  3.2
Armour         | |  1.7

Action                   || total
-------------------------++-------
Melee: Falchion          ||    64
  Use: Scroll            ||     3
  Eat: Chunk             ||     1
Armor: Leather armour    ||    16
Dodge: Dodged            ||    66
       Rpst.: Falchion   ||    18
